 Dungeon Crawl Stone Soup version 0.24-a0-441-g27f0392e16 (webtiles) character file.

Game seed: 11398101231120307695

787589 Murumi the Hoplite (level 27, -29/173 HPs)
             Began as a Formicid Fighter on June 19, 2019.
             Was the Champion of the Shining One.
             Killed from afar by a deep elf sorcerer (30 damage)
             ... with a bolt of acid
             ... on level 5 of the Abyss.
             The game lasted 07:41:52 (87934 turns).

Murumi the Hoplite (Formicid Fighter)              Turns: 87934, Time: 07:41:53

Health: -29/173    AC: 42    Str: 41    XL:     27
Magic:  2/25       EV: 16    Int:  5    God:    the Shining One [******]
Gold:   6631       SH: 45    Dex:  8    Spells: 26/26 levels left

rFire    + + +     SeeInvis +   a - +8 triple sword (holy)
rCold    + + +     Gourm    .   y - +0 large shield "Falaer" {rF+ Regen+ Str+3 Int-4}
rNeg     + + +     Faith    .   Q - +12 gold dragon scales
rPois    +         Spirit   .   (helmet unavailable)
rElec    +         Reflect  +   J - +4 dragonskin cloak
rCorr    .         Harm     .   X - +0 pair of gloves of Rezxuq {-Tele rElec rC+ Str+7}
MR       +++++                  P - +0 pair of boots of the Sunfish {rN+++ MR+++ Str+4 Int-5}
Stlth    ..........             U - +3 amulet of reflection
HPRegen  0.00/turn              x - ring of Amelioration {Str+4 Int+3 SInv}
MPRegen  0.19/turn              r - ring "Moajirahi" {Wiz rElec MR+ Stlth+}

@: divine shield, non-regenerating, badly diseased, glowing
A: permanent stasis, dig shafts and tunnels, four strong arms, antennae 3, claws
1, repulsion field 2, rugged brown scales 1, agile 1, blurry vision 1[+2],
[clumsy 2], deformed body, [deterioration 2], [dopey 2], [frail 3], low mp 3,
screaming 3, inhibited regeneration, [weak 2], no potion heal 1[+2], [subdued
magic 3]
}: 4/15 runes: serpentine, barnacled, slimy, silver
a: Dig, Shaft Self, Divine Shield, Cleansing Flame, Summon Divine Warrior, Brand
Weapon With Holy Wrath, Renounce Religion


You were on level 5 of the Abyss.
You worshipped the Shining One.
The Shining One was exalted by your worship.
You were not hungry.

You visited 13 branches of the dungeon, and saw 59 of its levels.
You visited the Abyss 1 time.
You visited 1 bazaar.
You also visited: Ice Cave and Volcano.

You collected 10621 gold pieces.
You spent 3990 gold pieces at shops.

Inventory:

Hand Weapons
 a - a +8 triple sword of holy wrath (weapon)
 f - the +9 heavy crossbow "Sniper" {velocity, Acc+∞ SInv}
   (You bought it in a shop on level 7 of the Dungeon)

   Any bolt fired from it inflicts extra damage.
   It lets you see invisible.
Missiles
 z - 1643 bolts
Armour
 y - the +0 large shield "Falaer" (worn) {rF+ Regen+ Str+3 Int-4}
   (Okawaru gifted it to you on level 2 of the Vaults)

   It affects your strength (+3).
   It affects your intelligence (-4).
   It protects you from fire.
   It increases your rate of regeneration.
 J - the +4 dragonskin cloak (worn)
   (You took it off Tiamat on level 2 of the Realm of Zot)
 P - the +0 pair of boots of the Sunfish (worn) {rN+++ MR+++ Str+4 Int-5}
   (You found it on level 3 of the Elven Halls)

   It affects your strength (+4).
   It affects your intelligence (-5).
   It renders you almost immune to negative energy.
   It affects your resistance to hostile enchantments.
 Q - +12 gold dragon scales (worn)
 X - the +0 pair of gloves of Rezxuq (worn) {-Tele rElec rC+ Str+7}
   (Okawaru gifted it to you on level 4 of the Vaults)

   It affects your strength (+7).
   It protects you from cold.
   It insulates you from electricity.
   It prevents most forms of teleportation.
Jewellery
 c - the amulet "Anlept" {Regen+ Str+5 Dex+2}
   (You took it off a vampire knight on level 3 of the Crypt)

   [amulet of regeneration]

   It affects your strength (+5).
   It affects your dexterity (+2).
   It increases your rate of regeneration.
 p - an uncursed ring of protection from cold
 r - the ring "Moajirahi" (right hand) {Wiz rElec MR+ Stlth+}
   (You found it on level 8 of the Dungeon)

   [ring of wizardry]

   It improves your spell success rate.
   It insulates you from electricity.
   It affects your resistance to hostile enchantments.
   It makes you more stealthy.
 s - the ring "Initixoc" {+Fly rC+ SInv}
   (You acquired it on level 1 of the Realm of Zot)

   [ring of flight]

   It protects you from cold.
   It lets you see invisible.
   It lets you fly.
 x - the ring of Amelioration (left hand) {Str+4 Int+3 SInv}
   (You found it on level 2 of the Realm of Zot)

   [ring of strength]

   It affects your strength (+4).
   It affects your intelligence (+3).
   It lets you see invisible.
 M - a +4 ring of strength
 U - a +3 amulet of reflection (around neck)
 V - an uncursed amulet of guardian spirit
 Y - a +6 ring of evasion
Wands
 b - a wand of polymorph (39)
 e - a wand of acid (45)
 h - a wand of disintegration (49)
 B - a wand of flame (86)
 F - a wand of paralysis (12)
 H - a wand of iceblast (7)
 K - a wand of enslavement (9)
 N - a wand of scattershot (22)
Scrolls
 i - 10 scrolls of amnesia
 j - a scroll of summoning
 m - 12 scrolls of fog
 q - a scroll of brand weapon
 t - 6 scrolls of enchant armour
 v - 11 scrolls of fear
 w - 30 scrolls of remove curse
 I - 14 scrolls of identify
 L - 9 scrolls of magic mapping
 S - a scroll of holy word
 T - a scroll of silence
Potions
 d - 10 potions of might
 k - 15 potions of curing
 l - 5 potions of resistance
 n - 4 potions of magic
 o - 11 potions of brilliance
 C - 7 potions of heal wounds
 D - 6 potions of flight
 E - 8 potions of agility
 G - 6 potions of ambrosia
 O - 3 potions of cancellation
Miscellaneous
 g - a sack of spiders
 u - 5 boxes of beasts
 A - a phial of floods
 W - a lightning rod (4/4)
 Z - a fan of gales (inert)
Comestibles
 R - 69 rations


   Skills:
 - Level 24.0 Fighting
 - Level 22.0 Long Blades
 - Level 22.0 Crossbows
 - Level 24.0 Armour
 - Level 12.2 Dodging
 - Level 26.0 Shields
 + Level 18.5 Invocations
 - Level 15.0 Evocations


You had 26 spell levels left.
You didn't know any spells.
Your spell library contained the following spells:

 Spells                   Type           Power        Failure   Level  Hunger
 Animate Skeleton         Necr           N/A          52%         1    ##.....
 Beastly Appendage        Tmut           #.....       52%         1    ##.....
 Confusing Touch          Hex            #.....       52%         1    ##.....
 Corona                   Hex            #......      52%         1    ##.....
 Flame Tongue             Conj/Fire      #....        52%         1    ##.....
 Freeze                   Ice            #...         52%         1    ##.....
 Infusion                 Chrm           #...         52%         1    ##.....
 Magic Dart               Conj           #...         52%         1    ##.....
 Pain                     Necr           #...         52%         1    ##.....
 Shock                    Conj/Air       #...         52%         1    ##.....
 Summon Butterflies       Summ           #.......     52%         1    ##.....
 Summon Small Mammal      Summ           #...         52%         1    ##.....
 Call Imp                 Summ           #.......     67%         2    ###....
 Corpse Rot               Necr           N/A          67%         2    ###....
 Ensorcelled Hibernation  Hex/Ice        #.....       67%         2    ###....
 Passwall                 Tmut/Erth      #.......     67%         2    ###....
 Shroud of Golubria       Chrm/Tloc      #.....       67%         2    ###....
 Slow                     Hex            #.......     67%         2    ###....
 Song of Slaying          Chrm           #.......     67%         2    ###....
 Sticks to Snakes         Tmut           #.......     67%         2    ###....
 Sublimation of Blood     Necr           #.........   67%         2    ###....
 Swiftness                Chrm/Air       #.......     67%         2    ###....
 Throw Flame              Conj/Fire      #.....       67%         2    ###....
 Throw Frost              Conj/Ice       #.....       67%         2    ###....
 Call Canine Familiar     Summ           #.......     88%         3    ####...
 Confuse                  Hex            #.......     88%         3    ####...
 Conjure Flame            Conj/Fire      #.......     88%         3    ####...
 Dazzling Spray           Conj/Hex       #.....       88%         3    ####...
 Gell's Gravitas          Tloc           #.........   88%         3    ####...
 Ignite Poison            Fire/Tmut/Pois #.......     88%         3    ####...
 Inner Flame              Hex/Fire       #.......     88%         3    ####...
 Lesser Beckoning         Tloc           #.........   88%         3    ####...
 Mephitic Cloud           Conj/Pois/Air  #.......     88%         3    ####...
 Ozocubu's Armour         Chrm/Ice       #.......     88%         3    ####...
 Portal Projectile        Hex/Tloc       #.....       88%         3    ####...
 Recall                   Summ/Tloc      N/A          88%         3    ####...
 Regeneration             Chrm/Necr      #.........   88%         3    ####...
 Spectral Weapon          Hex/Chrm       #.......     88%         3    ####...
 Spider Form              Tmut/Pois      #.........   88%         3    ####...
 Stone Arrow              Conj/Erth      #.....       88%         3    ####...
 Summon Guardian Golem    Hex/Summ       #.......     88%         3    ####...
 Teleport Other           Tloc           #.......     88%         3    ####...
 Tukima's Dance           Hex            #.......     88%         3    ####...
 Vampiric Draining        Necr           #.........   88%         3    ####...
 Animate Dead             Necr           N/A          99%         4    #####..
 Cause Fear               Hex            #.........   99%         4    #####..
 Ice Form                 Ice/Tmut       #.......     99%         4    #####..
 Leda's Liquefaction      Hex/Erth       #.........   99%         4    #####..
 Passage of Golubria      Tloc           N/A          99%         4    #####..
 Petrify                  Tmut/Erth      #.......     99%         4    #####..
 Sticky Flame             Conj/Fire      #.......     99%         4    #####..
 Summon Ice Beast         Ice/Summ       #.......     99%         4    #####..
 Summon Lightning Spire   Summ/Air       #.......     99%         4    #####..
 Throw Icicle             Conj/Ice       #.......     99%         4    #####..
 Agony                    Necr           #.......     100%        5    ######.
 Blade Hands              Tmut           #.........   100%        5    ######.
 Bolt of Draining         Conj/Necr      #.........   100%        5    ######.
 Bolt of Magma            Conj/Fire/Erth #.........   100%        5    ######.
 Borgnjor's Vile Clutch   Necr/Erth      #.........   100%        5    ######.
 Dispel Undead            Necr           #.......     100%        5    ######.
 Excruciating Wounds      Chrm/Necr      #.........   100%        5    ######.
 Fireball                 Conj/Fire      #.........   100%        5    ######.
 Irradiate                Conj/Tmut      #.........   100%        5    ######.
 Iskenderun's Battlesphe  Conj/Chrm      #.......     100%        5    ######.
 Lightning Bolt           Conj/Air       #.........   100%        5    ######.
 Metabolic Englaciation   Hex/Ice        #.........   100%        5    ######.
 Silence                  Hex/Air        #.........   100%        5    ######.
 Summon Forest            Summ/Tloc      #.........   100%        5    ######.
 Summon Mana Viper        Hex/Summ       #.......     100%        5    ######.
 Venom Bolt               Conj/Pois      #.........   100%        5    ######.
 Yara's Violent Unravell  Hex/Tmut       #.........   100%        5    ######.
 Bolt of Fire             Conj/Fire      #.........   100%        6    #######
 Conjure Ball Lightning   Conj/Air       #.........   100%        6    #######
 Darkness                 Hex            #.........   100%        6    #######
 Death Channel            Necr           #.........   100%        6    #######
 Deflect Missiles         Chrm/Air       #.........   100%        6    #######
 Dispersal                Tloc           #.........   100%        6    #######
 Freezing Cloud           Conj/Ice/Air   #.........   100%        6    #######
 Hydra Form               Tmut           #.........   100%        6    #######
 Iron Shot                Conj/Erth      #.........   100%        6    #######
 Ozocubu's Refrigeration  Ice            #.........   100%        6    #######
 Poison Arrow             Conj/Pois      #.........   100%        6    #######
 Shadow Creatures         Summ           N/A          100%        6    #######
 Simulacrum               Ice/Necr       #.........   100%        6    #######
 Statue Form              Tmut/Erth      #........    100%        6    #######
 Dragon Form              Tmut           #.........   100%        7    #######
 Haunt                    Necr/Summ      #.........   100%        7    #######
 Malign Gateway           Summ/Tloc      #.........   100%        7    #######
 Monstrous Menagerie      Summ           #.........   100%        7    #######
 Orb of Destruction       Conj           #.........   100%        7    #######
 Ring of Flames           Chrm/Fire      #.........   100%        7    #######
 Spellforged Servitor     Conj/Summ      #.........   100%        7    #######
 Summon Greater Demon     Summ           #.........   100%        7    #######
 Summon Hydra             Summ           #.........   100%        7    #######
 Borgnjor's Revivificati  Necr           #.........   100%        8    #######
 Chain Lightning          Conj/Air       #.........   100%        8    #######
 Death's Door             Chrm/Necr      #.........   100%        8    #######
 Discord                  Hex            #.........   100%        8    #######
 Ignition                 Fire           #.........   100%        8    #######
 Infestation              Necr           #.........   100%        8    #######
 Lehudib's Crystal Spear  Conj/Erth      #.........   100%        8    #######
 Necromutation            Tmut/Necr      #.........   100%        8    #######
 Summon Horrible Things   Summ           #.........   100%        8    #######
 Dragon's Call            Summ           #.........   100%        9    #######
 Fire Storm               Conj/Fire      #.........   100%        9    #######
 Glaciate                 Conj/Ice       #.........   100%        9    #######
 Shatter                  Erth           #.........   100%        9    #######
 Tornado                  Air            #.........   100%        9    #######
 Blink                    Tloc           Unusable     N/A         2    N/A
 Controlled Blink         Tloc           Unusable     N/A         8    N/A

Dungeon Overview and Level Annotations

Branches:
Dungeon (15/15)            Temple (1/1) D:7            Lair (6/6) D:10
 Shoals (4/4) Lair:4        Snake (4/4) Lair:3        Slime (5/5) Lair:5
    Orc (2/2) D:10            Elf (3/3) Orc:2        Vaults (5/5) D:14
  Crypt (3/3) Vaults:3       Tomb (0/3) Crypt:3      Depths (5/5) D:15
   Hell (1/1)                 Dis (0/7) Hell            Geh (0/7) Hell
    Coc (0/7) Hell            Tar (0/7) Hell            Zot (5/5) Depths:5

Altars:
Ashenzari
Cheibriados
Dithmenos
Elyvilon
Fedhas
Gozag
Hepliaklqana
Kikubaaqudgha
Makhleb
Nemelex Xobeh
Okawaru
Qazlal
Ru
Sif Muna
Trog
Uskayaw
Vehumet
Wu Jian
Xom
Yredelemnul
Zin
The Shining One
Beogh
Jiyva

Shops:
D:4 [%   D:5 (   D:7 *(   Orc:2 [?}*!   Elf:1 !   Elf:2 !   Snake:1 (
Vaults:1 !   Vaults:2 =   Vaults:3 *

Portals:
Hell: Depths:1 Depths:2 Depths:3 Depths:4 Depths:5
Abyss: Depths:4
Pandemonium: Depths:1 Depths:3 Depths:5
Ziggurat: Depths:4

Annotations:
Zot:5 1 exclusion


Innate Abilities, Weirdness & Mutations

You cannot be hasted, slowed, berserked, paralysed or teleported.
You can dig through walls and to a lower floor.
Your four strong arms can wield two-handed weapons with a shield.
You have a pair of large antennae on your head. (SInv)
You have sharp fingernails.
You are surrounded by a moderate repulsion field. (EV +3)
You are partially covered in rugged brown scales. (AC +1, +3% HP)
You are agile. (Dex +2)
Armour fits poorly on your strangely shaped body.
Your magical capacity is extremely low. (-30% MP)
You frequently scream uncontrollably at your foes.
You do not regenerate when monsters are visible.
[Scrolls take you much longer to read.]
[You are very clumsy. (Dex -4)]
[Your body often deteriorates upon taking damage.]
[You are very dopey. (Int -4)]
[You are extremely frail. (-30% HP)]
[You are very weak. (Str -4)]
[Potions cannot restore your health.]
[Your spells are much easier to cast, but much less powerful.]


Message History

Your mature batweird beast twists and deforms.
Your redback twists and deforms. x2; Your tarantella twists and deforms.
Your jumping spider twists and deforms.
The soul eater hits you but does no damage.
Evoke which item? (* to show all) (? for menu, Esc to quit)
You open the lid... ...and an elder fireweird beast leaps out!
The now-empty box falls apart.
The smoke demon gestures at you. Something smites you!
* * * LOW HITPOINT WARNING * * *
The raiju struggles to get unstuck from the web.
The bone dragon struggles to get unstuck from the web.
The glowing orange brain pulsates.
You resist with almost no effort.
Your mature shockweird beast appears confused.
Your tarantella appears confused.
Your jumping spider appears confused.
The deep elf sorcerer casts a spell at you.
The bolt of acid hits you!!
You die...

.. #.. .. #
.##..# ##.. .
.... .:X. . .
... .(. # #..#
*.#
##.(##H3##s.##..
..(.HsDehh.....
..
..(x*.H@h4.....
#..##X3##s%##..
# . #3s ..# ..
...X). ..# .
†.*.. . . .'
#.G##..# #'. .
#..##..# . . .
... .... . . ..
. ... .#


You could see a bone dragon (webbed), 2 starcursed masses, 3 wretched stars, a
deep elf sorcerer, a soul eater, a glowing orange brain, an ancient zyme, a
large abomination, 2 smoke demons, 3 raiju, a chaos spawn, 3 friendly mutant
beasts, a friendly jumping spider (confused), a friendly tarantella (confused)
and 2 friendly redbacks.

Vanquished Creatures
  Dissolution (Slime:2)
  the Royal Jelly (Slime:5)
  Tiamat (Zot:2)
  6 ancient liches
  10 orbs of fire
  Boris (twice) (Vaults:4 Depths:1)
  2 Killer Klowns (Zot:5)
  Vashnia (Snake:4)
  6 curse toes
  A golden dragon (shapeshifter) (Elf:2)
  Geryon (Hell)
  19 golden dragons
  the Enchantress (Depths:2)
  A profane servitor (Depths:2)
  5 bone dragons
  A shard shrike zombie (Crypt:2)
  5 electric golems
  The ghost of firegrace the Warrior, an adept GrBe of Trog (Depths:2)
  25 tentacled monstrosities
  8 liches
  The ghost of Unoem the Warrior, an adept MiBe of Trog (Elf:2)
  The ghost of Neal the Champion of Chaos, an adept DDFi of Makhleb (Vaults:4)
  25 Orb Guardians (Zot:5)
  A quicksilver dragon (shapeshifter) (Elf:2)
  11 titans
  6 deep elf master archers
  11 quicksilver dragons
  6 deep elf blademasters
  21 acid blobs
  Polyphemus (Shoals:4)
  2 tentacled starspawn
  10 death cobs
  An Executioner (Abyss:5)
  An ancient champion (Crypt:1)
  2 krakens
  8 draconian monks
  28 storm dragons
  5 sphinxes
  15 shadow dragons
  A tengu reaver (Vaults:4)
  Roxanne (Shoals:4)
  17 azure jellies
  8 nagarajas
  A frost giant (shapeshifter) (Elf:2)
  23 frost giants
  21 fire giants
  4 draconian knights
  2 iron dragons (Zot:4)
  9 deep elf sorcerers
  A balrug (Hell)
  7 draconian scorchers
  2 orc warlords
  3 ghost moths
  5 deep elf elementalists
  An iron dragon (shapeshifter) (Vaults:5)
  8 vault wardens
  6 draconian stormcallers
  5 ghouls
  5 draconian annihilators
  7 draconian shifters
  A curse skull (Crypt:2)
  9 war gargoyles
  10 ironheart preservers
  The ghost of PeterQ the Covert, a journeyman GnAs of Uskayaw (Lair:6)
  5 reapers
  3 spriggan defenders (Depths:2)
  9 deep elf demonologists
  23 very ugly things
  32 stone giants
  8 vampire knights
  An entropy weaver (Vaults:3)
  12 green draconians
  14 black draconians
  2 pale draconians (Depths:5)
  12 purple draconians
  Azrael (Snake:2)
  11 yellow draconians
  11 deep elf annihilators
  17 white draconians
  A minotaur (Depths:2)
  11 red draconians
  9 deep elf death magi
  15 ettins
  2 eidola (Crypt:1)
  4 merfolk javelineers
  4 spark wasps
  5 blizzard demons
  2 pearl dragon zombies (Depths:2)
  Snorg (Lair:5)
  4 crystal guardians
  18 fire dragons
  9 death oozes
  10 merfolk impalers
  20 ogre magi
  12 yaktaur captains
  6 deep elf high priests
  26 vault guards
  6 jiangshi (Crypt:1)
  17 naga warriors
  The ghost of Nattfarinn the Basher, a journeyman GrFi of Okawaru (D:12)
  20 ice dragons
  4 rakshasas
  11 great orbs of eyes
  Harold (D:10)
  15 hydras
  4 catoblepae
  A merfolk avatar (Shoals:3)
  3 alligator snapping turtles
  A spriggan air mage (Depths:2)
  A hell beast (Depths:1)
  Erica (D:9)
  6 satyrs
  13 centaur warriors
  8 anacondas
  3 merfolk aquamancers
  7 death knights
  36 dancing weapons
  41 two-headed ogres
  10 deep troll earth magi
  4 vampire magi
  11 death yaks
  4 tengu warriors
  11 hell hogs
  10 deep troll shamans
  5 spriggan berserkers
  11 shock serpents
  15 thrashing horrors
  An iron golem (Hell)
  3 sun demons
  10 naga sharpshooters
  3 small abominations
  6 soul eaters
  36 deep elf knights
  2 storm dragon zombies
  5 wretched stars
  5 shadow wraiths
  A fire crab (D:14)
  2 spatial maelstroms (Abyss:5)
  The ghost of anet the Magician, a novice DEWz of Ashenzari (Lair:1)
  4 salamander mystics
  A fire crab (shapeshifter) (Elf:2)
  33 skeletal warriors
  17 hell knights
  14 sea snakes
  Nergalle (Lair:3)
  2 anaconda zombies
  2 storm dragon skeletons
  A sixfirhy (Abyss:5)
  2 iron trolls
  2 torturous demonspawn (Depths:5)
  24 deep trolls
  2 glowing orange brains
  7 unseen horrors
  4 flayed ghosts
  A golden dragon zombie (Hell)
  A deep troll (shapeshifter) (Elf:2)
  9 naga ritualists
  4 swamp dragons
  12 large abominations
  3 wizards
  A kraken simulacrum (Shoals:4)
  21 ironbrand convokers
  An obsidian statue (Depths:5)
  An anaconda skeleton (Hell)
  A golden dragon skeleton (Crypt:3)
  30 deep elf archers
  6 orc knights
  17 harpies
  18 phantasmal warriors
  An iron dragon zombie (Hell)
  11 necromancers
  A wolf spider zombie (Hell)
  4 wolf spiders
  8 mana vipers
  6 orc sorcerers
  A fire giant zombie (Crypt:3)
  96 deep elf magi
  A stone giant zombie (Crypt:3)
  47 ugly things
  A worldbinder (Abyss:3)
  A manticore (shapeshifter) (Elf:1)
  19 fauns
  22 manticores
  15 salamanders
  5 shining eyes
  2 tengu skeletons (Vaults:3)
  7 cyclopes
  3 human skeletons (Vaults:3)
  A water nymph (shapeshifter) (Vaults:5)
  An apocalypse crab (Abyss:5)
  4 apis skeletons (Depths:2)
  8 guardian serpents
  26 moths of wrath
  4 dire elephant zombies (Hell)
  A sphinx skeleton (Vaults:3)
  A black mamba (shapeshifter) (Depths:5)
  15 naga magi
  An iron dragon skeleton (Crypt:3)
  2 eyes of devastation (shapeshifter) (Vaults:4)
  10 merfolk sirens
  2 ice statues
  8 spiny frogs
  4 elephants (Lair:5)
  46 black mambas
  4 gargoyles
  7 water nymphs
  12 vault sentinels
  A dire elephant skeleton (Crypt:3)
  6 smoke demons
  A centaur skeleton (D:13)
  A grey draconian zombie (Crypt:1)
  4 orange demons
  A swamp worm zombie (Crypt:1)
  5 eyes of devastation
  6 rust devils
  An efreet (Abyss:5)
  2 hellions
  6 rime drakes
  11 ice devils
  5 komodo dragons
  42 yaktaurs
  6 anaconda simulacra (IceCv)
  14 freezing wraiths
  4 kobold demonologists (D:12)
  A guardian mummy (Zot:3)
  2 golden dragon simulacra
  A hellwing (Depths:5)
  A yaktaur (shapeshifter) (Elf:2)
  A redback zombie (D:11)
  2 tengu conjurers
  3 harpy zombies
  A grey draconian skeleton (Crypt:2)
  5 ancient zymes
  A troll (shapeshifter) (Depths:3)
  20 merfolk
  2 red devils (Depths:5)
  A hydra zombie (Hell)
  2 minotaur skeletons (Crypt:2)
  6 trolls
  4 hornets
  A wind drake (shapeshifter) (D:14)
  3 yaktaur skeletons (Vaults:3)
  A fire dragon zombie (Crypt:3)
  15 raiju (Abyss:5)
  A sphinx simulacrum (Vaults:3)
  7 wind drakes
  A wolf spider simulacrum (IceCv)
  3 hydra skeletons (Hell)
  143 slime creatures
  A blink frog (shapeshifter) (Depths:2)
  5 blink frogs (Lair:5)
  5 dream sheep (Lair:6)
  An alligator zombie (Hell)
  12 snapping turtles
  A frost giant simulacrum (Hell)
  2 bog bodies (Crypt:1)
  17 hippogriffs
  A redback (shapeshifter) (Vaults:5)
  30 flying skulls (Crypt:3)
  A satyr skeleton (Crypt:2)
  3 vampires (Abyss:5)
  4 ynoxinuls
  A guardian serpent skeleton (Crypt:2)
  18 water elementals
  2 air elementals
  12 wraiths
  Sigmund (D:3)
  3 ettin skeletons (Vaults:3)
  7 spriggans
  A spriggan (shapeshifter) (Depths:2)
  8 wyverns
  3 dire elephant simulacra (IceCv)
  51 yaks
  12 fire elementals
  6 basilisks
  A basilisk (shapeshifter) (Depths:3)
  2 hungry ghosts
  A black mamba skeleton (Crypt:3)
  Grum (D:10)
  2 chaos spawn
  16 golden eyes
  9 neqoxecs
  3 steam dragons (Depths:5)
  2 death yak simulacra (IceCv)
  3 hogs (shapeshifter)
  8 wargs
  A wind drake skeleton (Crypt:1)
  64 nagas
  7 vampire mosquitoes
  A swamp worm (shapeshifter) (Elf:2)
  4 harpy simulacra (IceCv)
  5 spatial vortices
  An insubstantial wisp (Abyss:3)
  2 iron troll simulacra (IceCv)
  An acid dragon (Vaults:2)
  A spiny frog zombie (Hell)
  24 water moccasins
  3 hydra simulacra
  7 hell hounds
  14 porcupines
  5 sky beasts
  2 ice beasts
  An alligator simulacrum (Hell)
  3 black bears
  A spiny frog skeleton (Crypt:2)
  22 orc warriors
  9 eyes of draining
  An ice beast (shapeshifter) (Depths:4)
  An eye of draining (shapeshifter) (Vaults:4)
  52 ogres
  4 phantoms
  An ettin simulacrum (IceCv)
  4 necrophages
  31 starcursed masses
  13 boggarts
  A tengu (shapeshifter) (Elf:2)
  A manticore skeleton (Crypt:3)
  15 wolves
  32 centaurs
  22 crocodiles
  23 bullfrogs
  Blork the orc (D:6)
  12 big kobolds
  A wyvern zombie (D:11)
  An elf skeleton (Crypt:1)
  A wyvern skeleton (D:9)
  A hippogriff skeleton (Crypt:1)
  4 scorpions
  A manticore simulacrum (Abyss:5)
  9 wights
  9 killer bees (D:10)
  4 bullfrog zombies
  A howler monkey (D:4)
  14 crimson imps
  2 draconian simulacra (IceCv)
  3 lava snakes (D:14)
  A quasit (Depths:5)
  12 orc priests
  A human simulacrum (Vaults:3)
  8 iron imps
  6 hounds
  A jelly (D:14)
  A basilisk zombie (Crypt:2)
  A black bear zombie (Crypt:1)
  2 bullfrog skeletons
  Terence (D:3)
  4 iguanas
  22 orc wizards
  5 troll simulacra (IceCv)
  Natasha (thrice) (D:3)
  8 worker ants
  2 spriggan simulacra (IceCv)
  A deep dwarf zombie (Crypt:1)
  2 centaur simulacra (IceCv)
  A crocodile skeleton (Crypt:2)
  A worker ant zombie (D:11)
  20 adders
  7 gnolls
  A howler monkey skeleton (D:9)
  2 naga simulacra (IceCv)
  2 ogre simulacra (IceCv)
  7 shadow imps
  9 white imps
  7 ufetubi
  An ooze (D:3)
  An adder zombie (D:9)
  A worm (D:2)
  A worm (shapeshifter) (Vaults:3)
  6 dart slugs
  5 leopard geckos
  105 orcs
  A bat (shapeshifter) (Elf:2)
  10 giant cockroaches
  6 goblins
  9 hobgoblins
  26 jackals
  5 quokkas
  2 ball pythons
  8 bats
  10 frilled lizards
  A jackal skeleton (D:6)
  A jackal zombie (Crypt:1)
  23 kobolds
  A kobold zombie (Crypt:2)
  A leopard gecko skeleton (Crypt:1)
  A leopard gecko zombie (D:6)
  A quokka skeleton (D:6)
  8 rats
  A rat zombie (Crypt:2)
  A spectral orc (D:5)
  4 crawling corpses
  A lurking horror (Abyss:5)
  A plant (Lair:6)
  3 starspawn tentacles (Abyss:5)
  6 tentacles
3170 creatures vanquished.

Vanquished Creatures (collateral kills)
  2 nagarajas (Snake:4)
  A fire giant (Crypt:3)
  A deep elf knight (Crypt:3)
  2 deep elf magi (Crypt:3)
  An ogre (Orc:1)
  A starcursed mass (Abyss:5)
  A worker ant (D:10)
9 creatures vanquished.

Vanquished Creatures (others)
  A deep elf master archer (Zot:1)
  2 deep elf knights
  An unseen horror (shapeshifter) (Vaults:3)
  A deep elf archer (Elf:1)
  A deep elf mage (Elf:2)
  A guardian serpent (Snake:2)
  A raiju (Abyss:5)
  A small abomination (Abyss:5)
  3 starcursed masses
  A ball lightning (Slime:4)
  A bush (Lair:4)
  47 fungi
  A lurking horror (Abyss:5)
  31 plants
  6 starspawn tentacles
  23 tentacles
  4 toadstools (D:5)
126 creatures vanquished.

Grand Total: 3305 creatures vanquished

Notes
Turn   | Place    | Note
-------+----------+-------------------------------------------
     0 | D:1      | Murumi the Formicid Fighter began the quest for the Orb.
     0 | D:1      | Reached XP level 1. HP: 18/18 MP: 1/1
    96 | D:1      | Reached skill level 1 in Dodging
   108 | D:1      | Reached XP level 2. HP: 22/24 MP: 2/2
   118 | D:1      | Reached skill level 4 in Shields
   272 | D:1      | Reached XP level 3. HP: 26/29 MP: 3/3
  1049 | D:2      | Found a glowing silver altar of Zin.
  1368 | D:2      | Reached XP level 4. HP: 34/37 MP: 4/4
  1497 | D:2      | Found a shadowy altar of Dithmenos.
  1497 | D:2      | Found a sparkling altar of Nemelex Xobeh.
  1803 | D:2      | Reached skill level 1 in Evocations
  1969 | D:3      | Reached XP level 5. HP: 42/42 MP: 6/6
  2298 | D:3      | Noticed Sigmund
  2313 | D:3      | Killed Sigmund
  2313 | D:3      | Reached skill level 6 in Shields
  2313 | D:3      | Reached XP level 6. HP: 46/48 MP: 7/7
  2350 | D:3      | Noticed Terence
  2413 | D:3      | Killed Terence
  2461 | D:3      | Reached XP level 7. HP: 48/54 MP: 8/8
  2570 | D:3      | Noticed Natasha
  2588 | D:3      | Killed Natasha
  3309 | D:3      | Noticed Natasha
  3321 | D:3      | Killed Natasha
  3361 | D:3      | Noticed Natasha
  3376 | D:3      | Killed Natasha
  3668 | D:4      | Found Ystreothy's Antique Armour Shoppe.
  3725 | D:4      | Reached skill level 5 in Fighting
  3765 | D:4      | Bought a buckler for 121 gold pieces
  3822 | D:4      | Found a snail-covered altar of Cheibriados.
  3836 | D:4      | Found Ziamoxzuruo's Food Shop.
  3971 | D:4      | Reached skill level 5 in Armour
  4211 | D:4      | Reached XP level 8. HP: 52/62 MP: 9/9
  4641 | D:4      | Reached skill level 7 in Shields
  4894 | D:5      | Entered Level 5 of the Dungeon
  4908 | D:5      | Found Syes's Weapon Boutique.
  5280 | D:5      | Found a basalt altar of Yredelemnul.
  5893 | D:6      | Reached skill level 5 in Long Blades
  6116 | D:6      | Reached XP level 9. HP: 69/69 MP: 9/11
  6336 | D:6      | Found an ornate altar of the Wu Jian Council.
  6522 | D:6      | Noticed Blork the orc
  6548 | D:6      | Killed Blork the orc
  6572 | D:6      | Reached skill level 5 in Evocations
  6946 | D:7      | Found Dinac's Weapon Emporium.
  7189 | D:7      | Noticed a hippogriff
  7209 | D:7      | Killed a hippogriff
  7209 | D:7      | Reached skill level 8 in Shields
  7370 | D:7      | You fall into a shaft and drop 2 floors!
  7730 | D:7      | Bought a +0 great sword for 71 gold pieces
  7969 | D:7      | Found a staircase to the Ecumenical Temple.
  7978 | Temple   | Entered the Ecumenical Temple
  8061 | Temple   | Became a worshipper of Warmaster Okawaru
  8161 | D:7      | Noticed a two-headed ogre
  8200 | D:7      | Killed a two-headed ogre
  8200 | D:7      | Reached XP level 10. HP: 33/79 MP: 13/13
  8577 | D:7      | Found Axodiaw's Assorted Antiques.
  8581 | D:7      | Bought a pair of gloves for 135 gold pieces
  8581 | D:7      | Bought a fizzy orange potion for 27 gold pieces
  8581 | D:7      | Bought a scroll of identify for 60 gold pieces
  8680 | D:7      | Noticed an ice statue
  9045 | D:8      | Reached * piety under Okawaru
  9518 | D:8      | Got a clouded iron ring
  9520 | D:8      | Identified the ring "Moajirahi" {Wiz rElec MR+ Stlth+} (You
                  | found it on level 8 of the Dungeon)
 10031 | D:9      | Reached ** piety under Okawaru
 10106 | D:9      | Reached skill level 9 in Shields
 10923 | D:9      | Reached *** piety under Okawaru
 10923 | D:9      | Reached skill level 5 in Invocations
 10923 | D:9      | Reached XP level 11. HP: 84/86 MP: 14/14
 11123 | D:9      | Noticed Erica
 11134 | D:9      | Killed Erica
 11312 | D:10     | Entered Level 10 of the Dungeon
 11395 | D:10     | Found a staircase to the Orcish Mines.
 11395 | D:10     | Noticed an unseen horror
 11408 | D:10     | Killed an unseen horror
 11408 | D:10     | Reached **** piety under Okawaru
 11408 | D:10     | Reached skill level 10 in Shields
 11774 | D:10     | Noticed Harold
 11796 | D:10     | Killed Harold
 11914 | D:10     | Noticed Grum
 11919 | D:10     | Killed Grum
 11924 | D:10     | Reached ***** piety under Okawaru
 12404 | D:10     | Noticed a two-headed ogre
 12416 | D:10     | Killed a two-headed ogre
 12542 | D:10     | Reached XP level 12. HP: 95/95 MP: 16/16
 12587 | D:10     | Found a staircase to the Lair.
 12654 | D:7      | Bought a glass wand for 120 gold pieces
 12834 | Orc:1    | Entered Level 1 of the Orcish Mines
 13016 | Orc:1    | Reached skill level 10 in Long Blades
 13092 | D:7      | Bought a bronze wand for 120 gold pieces
 13167 | Orc:1    | Found a roughly hewn altar of Beogh.
 13303 | Orc:1    | Noticed a two-headed ogre
 13314 | Orc:1    | Killed a two-headed ogre
 13314 | Orc:1    | Received a gift from Okawaru
 13509 | Lair:1   | Entered Level 1 of the Lair of Beasts
 13645 | Lair:1   | Reached skill level 10 in Fighting
 13719 | Lair:1   | Found a runed translucent door.
 13721 | Lair:1   | Noticed anet's ghost (novice DEWz)
 13733 | Lair:1   | Killed anet's ghost
 13906 | Lair:1   | Reached skill level 10 in Armour
 14286 | Lair:1   | Received a gift from Okawaru
 14626 | Lair:1   | Reached skill level 11 in Shields
 15137 | Lair:2   | Received a gift from Okawaru
 15692 | Lair:2   | Reached XP level 13. HP: 104/104 MP: 18/18
 15851 | Lair:3   | Noticed a six-headed hydra
 15862 | Lair:2   | Killed a two-headed hydra
 16121 | Lair:3   | Noticed a four-headed hydra
 16140 | Lair:3   | Killed a one-headed hydra
 16349 | Lair:3   | Noticed Nergalle
 16372 | Lair:3   | Killed Nergalle
 16442 | Lair:3   | Found a staircase to the Snake Pit.
 16582 | Lair:3   | Reached ****** piety under Okawaru
 16582 | Lair:3   | Reached skill level 12 in Shields
 16853 | Lair:3   | Received a gift from Okawaru
 17157 | Lair:3   | Reached skill level 5 in Dodging
 17666 | Lair:4   | Noticed a seven-headed hydra
 17681 | Lair:4   | Killed a three-headed hydra
 17730 | Lair:4   | Noticed a six-headed hydra
 17741 | Lair:4   | Killed a two-headed hydra
 18077 | Lair:4   | Reached skill level 1 in Crossbows
 18532 | Lair:4   | Found a staircase to the Shoals.
 19098 | Lair:5   | Reached skill level 5 in Crossbows
 19168 | Lair:5   | Found a viscous altar of Jiyva.
 19174 | Lair:5   | Noticed Snorg
 19180 | Lair:5   | Found a staircase to the Slime Pits.
 19193 | Lair:5   | Killed Snorg
 19193 | Lair:5   | Reached XP level 14. HP: 74/113 MP: 12/20
 19356 | Lair:5   | Received a gift from Okawaru
 19512 | Lair:5   | Found a glowing silver altar of Zin.
 19884 | Lair:6   | Entered Level 6 of the Lair of Beasts
 19896 | Lair:6   | Found a runed translucent door.
 19896 | Lair:6   | Found a shimmering altar of Xom.
 19896 | Lair:6   | Noticed PeterQ's ghost (journeyman GnAs)
 19943 | Lair:6   | Received a gift from Okawaru
 19944 | Lair:6   | Got a pair of polished boots {god gift}
 19955 | Lair:6   | Identified the +0 pair of boots "Qiog" {+Blink Dex+4}
                  | (Okawaru gifted it to you on level 6 of the Lair of Beasts)
 20741 | Lair:6   | Reached skill level 10 in Crossbows
 21123 | D:7      | Bought the +9 heavy crossbow "Sniper" {velocity, Acc+∞
                  | SInv} for 783 gold pieces
 21123 | D:7      | Found the +9 heavy crossbow "Sniper" {velocity, Acc+∞ SInv}
 21369 | Lair:6   | Received a gift from Okawaru
 21384 | Lair:6   | Got a pair of brightly glowing boots {god gift}
 21395 | Lair:6   | Identified the +2 pair of boots of Okawaru {*Contam +Inv
                  | Str+3 Dex+2} (Okawaru gifted it to you on level 6 of the
                  | Lair of Beasts)
 21530 | Lair:6   | Reached skill level 13 in Shields
 22079 | Lair:6   | Killed PeterQ's ghost
 22283 | Orc:2    | Entered Level 2 of the Orcish Mines
 22287 | Orc:2    | Reached XP level 15. HP: 108/120 MP: 21/21
 22607 | Orc:2    | Received a gift from Okawaru
 22636 | Orc:2    | Found a dark tunnel.
 22645 | Volcano  | Entered a volcano
 22770 | Volcano  | Found a bloodstained altar of Trog.
 23375 | Orc:2    | Noticed an orc warlord
 23406 | Orc:2    | Killed an orc warlord
 23422 | Orc:2    | Received a gift from Okawaru
 23742 | Orc:2    | Found Jeagaura's Distillery.
 23825 | Orc:2    | Found Odaxeymp's Assorted Antiques.
 23825 | Orc:2    | Found Rageofo's Magic Scroll Emporium.
 23825 | Orc:2    | Found Kuofosiz's Gadget Emporium.
 23825 | Orc:2    | Found Vujiofum's Armour Boutique.
 23842 | Orc:2    | Bought a brass wand for 168 gold pieces
 23880 | Orc:2    | Found a staircase to the Elven Halls.
 24636 | D:11     | Received a gift from Okawaru
 24637 | D:11     | Got a spiked plate armour {god gift}
 24648 | D:11     | Identified the +10 plate armour of the Harp {rC++ Stlth-}
                  | (Okawaru gifted it to you on level 11 of the Dungeon)
 25660 | D:12     | Found a runed translucent gate.
 25660 | D:12     | Found a runed translucent gate.
 25660 | D:12     | Found a runed translucent gate.
 25661 | D:12     | Identified the +4 dagger of Wrath {chaos, MR+}
 25661 | D:12     | Identified the +7 whip of Jetwafus {venom, *Noise rF- Dex+8
                  | SInv}
 25662 | D:12     | Noticed Nattfarinn's ghost (journeyman GrFi)
 25682 | D:12     | Reached XP level 16. HP: 118/127 MP: 22/22
 26173 | D:12     | Killed Nattfarinn's ghost
 26173 | D:12     | Reached skill level 14 in Shields
 26233 | D:12     | Gained mutation: [Scrolls take you a little longer to
                  | read.] [potion of mutation]
 26233 | D:12     | Gained mutation: You evolve. [potion of mutation]
 26671 | D:13     | Gained mutation: You have sharp toenails. [evolution]
 27103 | D:13     | Received a gift from Okawaru
 28103 | D:14     | Found a gate to the Vaults.
 28211 | D:14     | Found the +8 trident of the Octopus King {venom, rElec
                  | rPois MR+}
 28250 | D:14     | Received a gift from Okawaru
 28378 | D:15     | Entered Level 15 of the Dungeon
 28687 | D:15     | Reached skill level 10 in Invocations
 28990 | D:15     | Received a gift from Okawaru
 29010 | D:15     | Found a staircase to the Depths.
 29075 | D:15     | Reached XP level 17. HP: 120/136 MP: 24/24
 29573 | D:7      | Received a gift from Okawaru
 29867 | Snake:1  | Entered Level 1 of the Snake Pit
 29924 | Snake:1  | Received a gift from Okawaru
 30110 | Snake:1  | Got a pair of smoking gloves {god gift}
 30121 | Snake:1  | Identified the -4 pair of gloves of Noon {Dex+2 SInv}
                  | (Okawaru gifted it to you on level 1 of the Snake Pit)
 30512 | Snake:1  | Found Guawiata's Weapon Shop.
 31115 | Snake:2  | Gained mutation: You are partially covered in rugged brown
                  | scales. (AC +1, +3% HP) [evolution]
 31445 | Snake:2  | Received a gift from Okawaru
 31474 | Snake:2  | Reached skill level 15 in Shields
 31893 | Snake:2  | Noticed Azrael
 31913 | Snake:2  | Received a gift from Okawaru
 31924 | Snake:2  | Killed Azrael
 32027 | Snake:2  | Received a gift from Okawaru
 32945 | Snake:2  | Reached skill level 16 in Shields
 32945 | Snake:2  | Reached XP level 18. HP: 121/150 MP: 25/25
 33380 | Snake:3  | Found a flickering gateway to a bazaar.
 33411 | Bazaar   | Entered a bazaar
 33411 | Bazaar   | Found Awkiasm's Distillery.
 33411 | Bazaar   | Found Iqiemext's Gadget Shop.
 33411 | Bazaar   | Found Niaplad's Distillery.
 33411 | Bazaar   | Found Jusch's Gadget Shoppe.
 33423 | Bazaar   | Bought a potion of heal wounds for 45 gold pieces
 33431 | Bazaar   | Bought a potion of heal wounds for 55 gold pieces
 33464 | Snake:3  | Found a radiant altar of Vehumet.
 33511 | Snake:3  | Found a frozen archway.
 33560 | IceCv    | Entered an ice cave
 33882 | IceCv    | Lost mutation: [Scrolls take you a little longer to read.]
                  | [evolution]
 34161 | IceCv    | Lost mutation: You are partially covered in rugged brown
                  | scales. (AC +1, +3% HP) [potion of mutation]
 34161 | IceCv    | Gained mutation: You do not regenerate when monsters are
                  | visible. [potion of mutation]
 34161 | IceCv    | Gained mutation: Your mind is acute. (Int +2) [potion of
                  | mutation]
 34235 | IceCv    | Reached skill level 17 in Shields
 34365 | IceCv    | Received a gift from Okawaru
 35445 | Snake:3  | Found a hide-covered altar of Uskayaw.
 35777 | Snake:4  | Entered Level 4 of the Snake Pit
 36332 | Snake:4  | Lost mutation: Your mind is acute. (Int +2) [potion of
                  | mutation]
 36332 | Snake:4  | Lost mutation: You evolve. [potion of mutation]
 36332 | Snake:4  | Lost mutation: You do not regenerate when monsters are
                  | visible. [potion of mutation]
 36332 | Snake:4  | Lost mutation: You have sharp toenails. [potion of
                  | mutation]
 36332 | Snake:4  | Gained mutation: You passively map a small area around you.
                  | [potion of mutation]
 36332 | Snake:4  | Gained mutation: [You are dopey. (Int -2)] [potion of
                  | mutation]
 36332 | Snake:4  | Gained mutation: You do not regenerate when monsters are
                  | visible. [potion of mutation]
 36332 | Snake:4  | Gained mutation: You are partially covered in rugged brown
                  | scales. (AC +1, +3% HP) [potion of mutation]
 36739 | Snake:4  | Received a gift from Okawaru
 37529 | Snake:4  | Reached XP level 19. HP: 138/157 MP: 22/26
 37554 | Snake:4  | Noticed Vashnia
 37902 | Snake:4  | Reached skill level 15 in Fighting
 38707 | Snake:4  | Killed Vashnia
 38794 | Snake:4  | Received a gift from Okawaru
 38795 | Snake:4  | Found the +0 sword of Power
 38809 | Snake:4  | Got a serpentine rune of Zot
 39035 | Orc:2    | Bought a potion of flight for 39 gold pieces
 39180 | Shoals:1 | Entered Level 1 of the Shoals
 39200 | Lair:4   | Reached skill level 15 in Armour
 39931 | Shoals:1 | Found a shadowy altar of Dithmenos.
 40714 | Shoals:2 | Received a gift from Okawaru
 40770 | Shoals:2 | Reached skill level 10 in Evocations
 41843 | Shoals:3 | Reached XP level 20. HP: 140/166 MP: 28/28
 42070 | Shoals:3 | Received a gift from Okawaru
 42773 | Shoals:4 | Entered Level 4 of the Shoals
 42919 | Shoals:4 | Noticed Polyphemus
 43213 | Shoals:4 | Identified the +5 plate armour "Ysacs" {rPois rC+ Str-2}
                  | (You found it on level 4 of the Shoals)
 43251 | Shoals:4 | Killed Polyphemus
 44024 | Shoals:4 | Identified Roxanne's Volume of Shape Shifting
 44024 | Shoals:4 | Noticed Roxanne
 44034 | Shoals:4 | Killed Roxanne
 44181 | Shoals:4 | Received a gift from Okawaru
 44181 | Shoals:4 | Reached skill level 18 in Shields
 45289 | Shoals:4 | Got a barnacled rune of Zot
 45592 | Elf:1    | Entered Level 1 of the Elven Halls
 45637 | Elf:1    | Found a radiant altar of Vehumet.
 45746 | Elf:1    | Identified a scroll of acquirement
 45790 | Elf:1    | Reached skill level 19 in Shields
 45933 | Elf:1    | Found Hocsaapua's Distillery.
 45940 | Elf:1    | Bought 2 potions of might for 112 gold pieces
 45940 | Elf:1    | Bought a potion of heal wounds for 70 gold pieces
 45940 | Elf:1    | Bought a potion of heal wounds for 70 gold pieces
 45944 | Elf:1    | Lost mutation: You passively map a small area around you.
                  | [potion of mutation]
 45944 | Elf:1    | Gained mutation: [Your body sometimes deteriorates upon
                  | taking damage.] [potion of mutation]
 45944 | Elf:1    | Gained mutation: You passively map a small area around you.
                  | [potion of mutation]
 46246 | Elf:1    | Received a gift from Okawaru
 46259 | Elf:1    | Reached XP level 21. HP: 172/175 MP: 29/29
 47692 | Elf:2    | Found a runed translucent gate.
 47692 | Elf:2    | Found a runed translucent gate.
 47693 | Elf:2    | Found a runed translucent gate.
 47845 | Elf:2    | Found Onaipn's Distillery.
 47870 | Elf:2    | Bought a potion of mutation for 96 gold pieces
 47870 | Elf:2    | Bought a potion of heal wounds for 60 gold pieces
 47870 | Elf:2    | Lost mutation: [You are dopey. (Int -2)] [potion of
                  | mutation]
 47870 | Elf:2    | Lost mutation: [Your body sometimes deteriorates upon
                  | taking damage.] [potion of mutation]
 47870 | Elf:2    | Gained mutation: [You are dopey. (Int -2)] [potion of
                  | mutation]
 47870 | Elf:2    | Gained mutation: You are partially covered in thin metallic
                  | scales. (AC +2) [potion of mutation]
 47870 | Elf:2    | Gained mutation: You are surrounded by a mild repulsion
                  | field. (EV +2) [potion of mutation]
 48013 | Elf:2    | Noticed Unoem's ghost (adept MiBe)
 48027 | Elf:2    | Found a transporter.
 48040 | Elf:2    | Found a transporter.
 48289 | Elf:2    | Received a gift from Okawaru
 48860 | Elf:2    | Noticed a golden dragon
 48860 | Elf:2    | a dire elephant changed into a golden dragon
 48890 | Elf:2    | Killed Unoem's ghost
 48894 | Elf:2    | Killed a golden dragon
 49254 | Elf:2    | Got a shimmering platinum ring
 49255 | Elf:2    | Identified the ring "Ukhenewe" {*Tele MR+ Int+5 Stlth-}
                  | (You found it on level 2 of the Elven Halls)
 49259 | Elf:2    | Lost mutation: [You are dopey. (Int -2)] [potion of
                  | mutation]
 49259 | Elf:2    | Lost mutation: You passively map a small area around you.
                  | [potion of mutation]
 49259 | Elf:2    | Gained mutation: You passively map a small area around you.
                  | [potion of mutation]
 49259 | Elf:2    | Lost mutation: You do not regenerate when monsters are
                  | visible. [potion of mutation]
 49259 | Elf:2    | Gained mutation: You expend magic power (3 MP) to
                  | strengthen your wands. [potion of mutation]
 49303 | Elf:3    | Entered Level 3 of the Elven Halls
 49646 | Elf:3    | Received a gift from Okawaru
 49799 | Elf:3    | Reached skill level 15 in Crossbows
 49846 | Elf:2    | Received a gift from Okawaru
 50031 | Elf:3    | Reached XP level 22. HP: 148/186 MP: 24/30
 50484 | Elf:3    | Reached skill level 15 in Long Blades
 50486 | Elf:3    | Identified the +6 scale mail of the Turtle {MR- Str+4
                  | Dex+9}
 51249 | Elf:3    | Received a gift from Okawaru
 51766 | Elf:3    | Identified the +8 battleaxe "Uronoodo" {holy, rC+ Int+8
                  | Dex-3}
 51805 | Elf:3    | Identified the cursed +3 morningstar of Ymujaah {crush,
                  | +Blink +Rage rF+ Dex+3}
 51910 | Elf:3    | Identified the +0 pair of boots of the Sunfish {rN+++ MR+++
                  | Str+4 Int-5} (You found it on level 3 of the Elven Halls)
 51926 | Elf:3    | Gained mutation: [You are frail. (-10% HP)] [mutagenic
                  | glow]
 52039 | Elf:1    | Lost mutation: You are partially covered in thin metallic
                  | scales. (AC +2) [potion of mutation]
 52039 | Elf:1    | Lost mutation: [You are frail. (-10% HP)] [potion of
                  | mutation]
 52039 | Elf:1    | Gained mutation: [Scrolls take you a little longer to
                  | read.] [potion of mutation]
 52039 | Elf:1    | Gained mutation: Your flesh is cold resistant. (rC+)
                  | [potion of mutation]
 52207 | Vaults:1 | Entered Level 1 of the Vaults
 53088 | Vaults:1 | Found Fagum's Distillery.
 53091 | Vaults:1 | Bought a potion of heal wounds for 85 gold pieces
 53091 | Vaults:1 | Bought a potion of heal wounds for 85 gold pieces
 53091 | Vaults:1 | Bought a potion of heal wounds for 85 gold pieces
 53091 | Vaults:1 | Bought a potion of might for 68 gold pieces
 53091 | Vaults:1 | Bought a potion of agility for 68 gold pieces
 53091 | Vaults:1 | Bought 2 potions of might for 136 gold pieces
 53689 | Vaults:2 | Received a gift from Okawaru
 53863 | Vaults:2 | Received a gift from Okawaru
 53965 | Vaults:2 | Found Adif's Jewellery Emporium.
 54216 | Vaults:2 | Received a gift from Okawaru
 54216 | Vaults:2 | Reached XP level 23. HP: 192/192 MP: 32/32
 54577 | Vaults:2 | Received a gift from Okawaru
 54583 | Vaults:2 | Identified the +0 large shield "Falaer" {rF+ Regen+ Str+3
                  | Int-4} (Okawaru gifted it to you on level 2 of the Vaults)
 55753 | Vaults:3 | You fall into a shaft and drop 1 floor!
 55990 | Vaults:3 | Received a gift from Okawaru
 56202 | Vaults:3 | Found Qoaneat's General Store.
 56210 | Vaults:3 | Bought a potion of heal wounds for 115 gold pieces
 56210 | Vaults:3 | Bought a scroll of acquirement for 1196 gold pieces
 56215 | Vaults:3 | Identified the +1 pair of boots of Boiling Hail {Dex+10}
                  | (You acquired it on level 3 of the Vaults)
 56584 | Vaults:3 | Found a staircase to the Crypt.
 56780 | Vaults:4 | Noticed Boris
 56783 | Vaults:4 | Received a gift from Okawaru
 56788 | Vaults:4 | Killed Boris
 57163 | Vaults:4 | Received a gift from Okawaru
 57194 | Vaults:4 | Reached XP level 24. HP: 47/202 MP: 28/32
 57758 | Vaults:4 | Found a runed translucent door.
 57759 | Vaults:4 | Noticed Neal's ghost (adept DDFi)
 57769 | Vaults:4 | Killed Neal's ghost
 57776 | Vaults:4 | Identified the Grimoire of the Glacier
 57856 | Vaults:4 | Received a gift from Okawaru
 58071 | Vaults:5 | Entered Level 5 of the Vaults
 58073 | Vaults:5 | Noticed a golden dragon
 58149 | Vaults:4 | Received a gift from Okawaru
 58215 | Vaults:4 | Reached skill level 20 in Shields
 58381 | Vaults:5 | Noticed an ancient lich
 58411 | Vaults:4 | Killed a golden dragon
 58513 | Vaults:5 | Identified the +4 morningstar "Moocym" {flame, +Inv rF+
                  | Dex+6}
 58645 | Vaults:4 | Received a gift from Okawaru
 58751 | Vaults:5 | Killed an ancient lich
 58805 | Vaults:4 | Received a gift from Okawaru
 58808 | Vaults:4 | Identified the +4 large shield of Mezcal {rCorr Dex+2}
                  | (Okawaru gifted it to you on level 4 of the Vaults)
 59367 | Vaults:5 | Noticed a golden dragon
 59370 | Vaults:5 | Noticed a golden dragon
 59380 | Vaults:4 | Killed a golden dragon
 59380 | Vaults:4 | Reached XP level 25. HP: 119/211 MP: 32/32
 59933 | Vaults:4 | Received a gift from Okawaru
 59943 | Vaults:4 | Identified the +0 pair of gloves of Rezxuq {-Tele rElec rC+
                  | Str+7} (Okawaru gifted it to you on level 4 of the Vaults)
 60895 | Vaults:5 | Received a gift from Okawaru
 61238 | Vaults:5 | Got a silver rune of Zot
 61461 | Vaults:5 | Identified the Catalogue of the Frostbite and Changing
 61806 | Depths:1 | Entered Level 1 of the Depths
 61897 | Depths:1 | Reached skill level 21 in Shields
 62013 | Depths:1 | Noticed Boris
 62020 | Depths:1 | Killed Boris
 62020 | Depths:1 | Reached XP level 26. HP: 204/221 MP: 32/32
 62117 | Depths:1 | Reached skill level 10 in Dodging
 62380 | Depths:1 | Received a gift from Okawaru
 62596 | Depths:1 | Found a gateway to Hell.
 62607 | Depths:1 | Found a one-way gate leading to the halls of Pandemonium.
 63135 | Depths:2 | Lost mutation: You passively map a small area around you.
                  | [potion of mutation]
 63135 | Depths:2 | Lost mutation: [Scrolls take you a little longer to read.]
                  | [potion of mutation]
 63135 | Depths:2 | Lost mutation: You expend magic power (3 MP) to strengthen
                  | your wands. [potion of mutation]
 63135 | Depths:2 | Lost mutation: Your flesh is cold resistant. (rC+) [potion
                  | of mutation]
 63135 | Depths:2 | Gained mutation: Your muscles are strong. (Str +2) [potion
                  | of mutation]
 63135 | Depths:2 | Gained mutation: [You are clumsy. (Dex -2)] [potion of
                  | mutation]
 63135 | Depths:2 | Gained mutation: You are robust. (+10% HP) [potion of
                  | mutation]
 63186 | Depths:2 | Identified the +2 pair of boots of Starshine {rPois Str+4
                  | Dex-2} (You acquired it on level 2 of the Depths)
 63565 | Depths:2 | Identified the +4 faerie dragon scales {rF+ rN++ rCorr
                  | Str+8 Stlth-}
 63565 | Depths:2 | Noticed the Enchantress
 63652 | Depths:2 | Killed the Enchantress
 63652 | Depths:2 | Received a gift from Okawaru
 64012 | Depths:2 | Received a gift from Okawaru
 64221 | Depths:2 | Identified the amulet of the Briny Deep {Harm *Drain rElec
                  | MR+} (You found it on level 2 of the Depths)
 64426 | Depths:2 | Received a gift from Okawaru
 64463 | Depths:2 | Found a basalt altar of Yredelemnul.
 64590 | Depths:2 | Found a runed translucent door.
 64590 | Depths:2 | Noticed firegrace's ghost (adept GrBe)
 64607 | Depths:2 | Killed firegrace's ghost
 64607 | Depths:2 | Received a gift from Okawaru
 64737 | Depths:2 | Received a gift from Okawaru
 64737 | Depths:2 | Reached skill level 22 in Shields
 64826 | Depths:2 | Found a sacrificial altar of Ru.
 64971 | Depths:3 | Reached XP level 27. HP: 248/249 MP: 33/33
 65086 | Depths:3 | Received a gift from Okawaru
 65297 | Depths:3 | Got a pitted amethyst amulet
 66284 | Depths:3 | Identified the amulet of Fixation {Acrobat rN+ MR+ Int+6}
                  | (You found it on level 3 of the Depths)
 66750 | Depths:4 | Received a gift from Okawaru
 66751 | Depths:4 | Found the +8 storm bow {elec, penet}
 66959 | Depths:4 | Found a gateway to a ziggurat.
 66959 | Depths:4 | Noticed an ancient lich
 66972 | Depths:4 | Gained mutation: Armour fits poorly on your strangely
                  | shaped body. [a cacodemon]
 66985 | Depths:4 | Killed an ancient lich
 67641 | Depths:4 | Reached skill level 23 in Shields
 67752 | Depths:4 | Found a one-way gate to the infinite horrors of the Abyss.
 67806 | Depths:5 | Entered Level 5 of the Depths
 68054 | Depths:5 | Received a gift from Okawaru
 68625 | Depths:5 | Received a gift from Okawaru
 68780 | Depths:5 | Reached skill level 15 in Invocations
 68858 | Depths:5 | Found a gate to the Realm of Zot.
 69955 | Slime:1  | Entered Level 1 of the Pits of Slime
 69970 | Lair:5   | Received a gift from Okawaru
 70005 | Slime:1  | Found a viscous altar of Jiyva.
 70132 | Slime:1  | You fall into a shaft and drop 1 floor!
 70469 | Slime:1  | Gained mutation: Your magical capacity is low. (-10% MP) [a
                  | shining eye]
 70469 | Slime:1  | Gained mutation: Your magical capacity is very low. (-20%
                  | MP) [a shining eye]
 70918 | Slime:3  | Noticed Dissolution
 71011 | Slime:2  | Killed Dissolution
 71341 | Slime:4  | Gained mutation: You occasionally shout uncontrollably at
                  | your foes. [a shining eye]
 71342 | Slime:4  | Gained mutation: You sometimes yell uncontrollably at your
                  | foes. [a shining eye]
 71359 | Slime:4  | Lost mutation: Armour fits poorly on your strangely shaped
                  | body. [a shining eye]
 71777 | Slime:5  | Entered Level 5 of the Pits of Slime
 72513 | Slime:4  | Received a gift from Okawaru
 72516 | Slime:5  | Gained mutation: [Scrolls take you a little longer to
                  | read.] [a shining eye]
 72862 | Slime:5  | Received a gift from Okawaru
 73213 | Slime:5  | Received a gift from Okawaru
 73216 | Slime:5  | Identified the +1 crystal plate armour of Crawling {rN+
                  | Stlth+} (Okawaru gifted it to you on level 5 of the Pits of
                  | Slime)
 73244 | Slime:5  | Found a viscous altar of Jiyva.
 73280 | Slime:5  | Noticed the Royal Jelly
 73326 | Slime:5  | Killed the Royal Jelly
 73444 | Slime:5  | Identified the Catalogue of Frigorific Protection
 73471 | Slime:5  | Got a slimy rune of Zot
 73900 | Temple   | Fell from the grace of Okawaru
 73900 | Temple   | Became a worshipper of the Shining One
 74213 | Crypt:1  | Entered Level 1 of the Crypt
 74298 | Crypt:1  | Reached * piety under the Shining One
 74439 | Crypt:1  | Reached ** piety under the Shining One
 74477 | Crypt:1  | Identified the +10 hand crossbow "Izevvi" {elec, -Tele
                  | *Slow MR+ Dex+8}
 74661 | Crypt:1  | Reached *** piety under the Shining One
 74712 | Crypt:1  | Lost mutation: Your muscles are strong. (Str +2) [potion of
                  | mutation]
 74712 | Crypt:1  | Lost mutation: You are robust. (+10% HP) [potion of
                  | mutation]
 74712 | Crypt:1  | Lost mutation: Your magical capacity is very low. (-20% MP)
                  | [potion of mutation]
 74712 | Crypt:1  | Gained mutation: You are surrounded by a moderate repulsion
                  | field. (EV +3) [potion of mutation]
 74712 | Crypt:1  | Gained mutation: You have sharp fingernails. [potion of
                  | mutation]
 75152 | Crypt:2  | Reached **** piety under the Shining One
 75416 | Crypt:2  | Reached ***** piety under the Shining One
 75654 | Crypt:3  | Entered Level 3 of the Crypt
 75835 | Crypt:3  | Got a crude bone ring
 75838 | Crypt:3  | Identified the ring "Vifaunoe" {rElec MR+ Str+3 Stlth-}
                  | (You acquired it on level 3 of the Crypt)
 75843 | Crypt:3  | Identified Sif Muna's Handbook of the Flying Compass
 75936 | Crypt:3  | Reached ****** piety under the Shining One
 75947 | Crypt:3  | Identified the amulet "Anlept" {Regen+ Str+5 Dex+2}
 76001 | Crypt:3  | Reached skill level 24 in Shields
 76012 | Crypt:3  | Got a coiled silver ring
 76015 | Crypt:3  | Identified the ring "Tuihagh" {rN+ Str+3} (You found it on
                  | level 3 of the Crypt)
 76075 | Crypt:3  | Found an ancient bone altar of Kikubaaqudgha.
 76075 | Crypt:3  | Noticed an ancient lich
 76082 | Crypt:3  | Killed an ancient lich
 76147 | Crypt:3  | Found the +2 shield of Resistance {rF+ rC+ MR+}
 76419 | Crypt:3  | HP: 6/234 [deep elf blademaster/+0 rapier[the fury of
                  | Okawaru] (6)]
 76430 | Crypt:3  | HP: 7/234 [fire giant/fireball[the fury of Okawaru] (8)]
 76484 | Crypt:3  | Was placed under penance by the Shining One
 76753 | Crypt:3  | Found a staircase to the Tomb.
 76772 | Crypt:3  | Lost mutation: Your magical capacity is low. (-10% MP)
                  | [potion of mutation]
 76772 | Crypt:3  | Lost mutation: [Scrolls take you a little longer to read.]
                  | [potion of mutation]
 76772 | Crypt:3  | Lost mutation: [You are clumsy. (Dex -2)] [potion of
                  | mutation]
 76772 | Crypt:3  | Gained mutation: You are agile. (Dex +2) [potion of
                  | mutation]
 77447 | Zot:1    | Entered Level 1 of the Realm of Zot
 77587 | Zot:1    | Reached skill level 15 in Evocations
 77733 | Zot:1    | Got a faintly glowing lead ring
 77734 | Zot:1    | Identified the ring "Initixoc" {+Fly rC+ SInv} (You
                  | acquired it on level 1 of the Realm of Zot)
 77793 | Zot:1    | You fall into a shaft and drop 1 floor!
 77955 | Zot:1    | HP: 7/355 [yellow draconian monk (15)]
 79278 | Zot:2    | Noticed an orb of fire
 79279 | Zot:2    | Gained mutation: Armour fits poorly on your strangely
                  | shaped body. [an orb of fire]
 79289 | Zot:2    | Gained mutation: You do not regenerate when monsters are
                  | visible. [an orb of fire]
 79301 | Zot:1    | Killed an orb of fire
 79442 | Zot:2    | Noticed an orb of fire
 79443 | Zot:2    | Gained mutation: You frequently scream uncontrollably at
                  | your foes. [an orb of fire]
 79445 | Zot:2    | Killed an orb of fire
 79507 | Zot:2    | Was forgiven by the Shining One
 79679 | Zot:2    | Identified the +4 dragonskin cloak
 79679 | Zot:2    | Noticed Tiamat
 79692 | Zot:2    | Killed Tiamat
 79742 | Zot:2    | Got a clouded jade ring
 80109 | Zot:2    | Identified Ymmab's Almanac of Displaced Attacks
 80212 | Zot:2    | Found a transporter.
 80571 | Zot:2    | You fall into a shaft and drop 1 floor!
 81512 | Zot:2    | Was forgiven by Okawaru
 81999 | Zot:2    | Found a transporter.
 82014 | Zot:2    | Got a vibrating tin amulet
 82015 | Zot:2    | Identified the amulet "Cuiriehu" {Gourm Dex+4 Slay+3} (You
                  | found it on level 2 of the Realm of Zot)
 82017 | Zot:2    | Identified the ring "Ynifiror" {*Drain rC+++ rN+ rCorr
                  | Str-3} (You found it on level 2 of the Realm of Zot)
 82025 | Zot:2    | Got a shimmering silver ring
 82026 | Zot:2    | Identified the ring of Amelioration {Str+4 Int+3 SInv} (You
                  | found it on level 2 of the Realm of Zot)
 82031 | Zot:2    | Got a smoking steel ring
 82032 | Zot:2    | Identified the ring "Kuifoh" {Str+4 SInv} (You found it on
                  | level 2 of the Realm of Zot)
 83520 | Zot:4    | Reached skill level 25 in Shields
 84209 | Zot:5    | Entered Level 5 of the Realm of Zot
 84493 | Zot:5    | Noticed an orb of fire
 84503 | Zot:5    | Gained mutation: Your magical capacity is low. (-10% MP)
                  | [an orb of fire]
 84508 | Zot:5    | Killed an orb of fire
 84563 | Zot:5    | Noticed an orb of fire
 84563 | Zot:5    | Noticed an orb of fire
 84584 | Zot:5    | Killed an orb of fire
 84584 | Zot:5    | Noticed an orb of fire
 84593 | Zot:5    | Killed an orb of fire
 84605 | Zot:5    | Killed an orb of fire
 84606 | Zot:5    | Noticed an orb of fire
 84607 | Zot:5    | Gained mutation: [Potions are less effective at restoring
                  | your health.] [an orb of fire]
 84613 | Zot:5    | Gained mutation: Your magical capacity is very low. (-20%
                  | MP) [an orb of fire]
 84616 | Zot:5    | Killed an orb of fire
 84632 | Zot:5    | Noticed a Killer Klown
 84634 | Zot:5    | a Killer Klown changed into a titan
 84653 | Zot:5    | Noticed an orb of fire
 84658 | Zot:5    | Gained mutation: [Scrolls take you a little longer to
                  | read.] [an orb of fire]
 84661 | Zot:5    | Killed an orb of fire
 84661 | Zot:5    | Noticed an orb of fire
 84671 | Zot:5    | Killed an orb of fire
 84694 | Zot:5    | Noticed a Killer Klown
 84694 | Zot:5    | Noticed a Killer Klown
 84694 | Zot:5    | Noticed an ancient lich
 84694 | Zot:5    | Noticed an orb of fire
 84705 | Zot:5    | Killed an ancient lich
 84717 | Zot:5    | Killed an orb of fire
 84729 | Zot:5    | Killed a Killer Klown
 84769 | Zot:5    | Killed a Killer Klown
 84810 | Zot:5    | Noticed an ancient lich
 84812 | Zot:5    | Killed an ancient lich
 85032 | Zot:5    | Reached skill level 26 in Shields
 85039 | Zot:5    | Noticed an ancient lich
 85041 | Zot:5    | Killed an ancient lich
 86502 | Hell     | Entered the Vestibule of Hell
 86502 | Hell     | Noticed Geryon
 86527 | Hell     | Killed Geryon
 86591 | Hell     | Found a gateway to the Iron City of Dis.
 86690 | Hell     | Found a gateway to the ashen valley of Gehenna.
 86824 | Hell     | Found a gateway to the decaying netherworld of Tartarus.
 86916 | Hell     | Found a gateway to the freezing wastes of Cocytus.
 87210 | Depths:4 | Voluntarily entered the Abyss.
 87671 | Abyss:5  | Entered Level 5 of the Abyss
 87671 | Abyss:5  | Entered Level 5 of the Abyss
 87715 | Abyss:5  | Gained mutation: Your magical capacity is extremely low.
                  | (-30% MP) [a neqoxec]
 87819 | Abyss:5  | Found a corrupted altar of Lugonu.
 87934 | Abyss:5  | HP: 1/173 [smoke demon/divine providence (11)]
 87934 | Abyss:5  | Killed from afar by a deep elf sorcerer

Levels and vault maps discovered:
D:1:      dpeg_arrival_pond, layout_basic, minmay_vboxes
D:2:      layout_loops_ring, lemuel_crystal_altar,
          gammafunk_temple_overflow_pools, st_stairs_11, minivault_25
D:3:      layout_loops_corners, uniq_terence, uniq_natasha, uniq_sigmund
D:4:      minmay_skewed_foursquare, layout_cave_pools, kennysheep_slug_shrine,
          serial_shops, shop, nicolae_shop_trees, first_ration,
          kennysheep_generic_room_12
D:5:      layout_rooms, yredelemnul_forgotten_temple_becter, serial_shops,
          nicolae_shop_crystal, minmay_door_square, corexii_leaking_fountain,
          minmay_gold_behind_fungi
D:6:      layout_cave_pools, overflow_temple_1_default, lexackson_kobold_supper,
          uniq_blork_the_orc
D:7:      lemuel_ice_statue, layout_loops_ring, minmay_temple_entry_overgrown,
          serial_shops, shop, nicolae_shop_behind_doors, kb_rosetta
D:8:      lemuel_ice_spiral_2, layout_basic
D:9:      layout_roguey, st_stairs_3, grunt_pizzeria, uniq_erica
D:10:     layout_rooms, due_lair_maze_entry_diamond, orc_0_dummy,
          dk_noncrumbling_3, uniq_grum, uniq_harold
D:11:     layout_rooms
D:12:     layout_cave_pods, gammafunk_ghost_nasty_kobolds, evilmike_butchery
D:13:     layout_basic
D:14:     layout_gridville, david_vaults_1, minmay_crystal_water,
          kennysheep_two_boxes
D:15:     hangedman_depths_entry_civil_slaughter, layout_basic, special_room
          [special_room_mythical_zoo], serial_corexii_hall,
          corexii_hall_statues_i, corexii_hall_statues_s,
          chequers_serial_rivers_marsh
Temple:   lightli_temple_of_artemis
Lair:1:   beast_lair_carwin_large_2, layout_loops_ring,
          ebering_ghost_reflecting_pool
Lair:2:   layout_roguey
Lair:3:   layout_regular_city, minmay_snake_entry_six_corridors, st_stairs_3,
          uniq_nergalle
Lair:4:   layout_layer_cave, minmay_shoals_entry_lonely_mermaid,
          lemuel_fruit_fields, infiniplex_staircase_pool_2
Lair:5:   layout_regular_city, slime_altar_1, basic_altar,
          chequers_serial_rivers_micro_e, grunt_megastairs_3, uniq_snorg
Lair:6:   evilmike_catoblepas_cave, layout_hall_layers, ebering_ghost_xom
Shoals:1: layout_shoals, wheals_shoals_ruined_temple
Shoals:2: layout_shoals
Shoals:3: cheibrodos_shoals_roost, layout_shoals
Shoals:4: shoals_end_grunt_ice, layout_shoals, yaktaur_hedge, uniq_polyphemus,
          uniq_roxanne
Snake:1:  layout_cave_shapes, serial_shops, nicolae_shop_stone
Snake:2:  layout_basic, nicolae_snake_biting_tails, grunt_ministairs_2,
          drop_trap, eino_curves_01, uniq_azrael
Snake:3:  layout_cave_town, portal_ice_cave_entry_pillars_1, serial_shops,
          bzr_entry_gold, statue_in_the_mist_lemuel,
          hangedman_snake_thin_pillar_pass, hangedman_feature_mirror
Snake:4:  johnstein_snake_rune_scales, layout_onion
Slime:1:  layout_caves, basic_altar
Slime:2:  layout_caves
Slime:3:  layout_caves, uniq_dissolution
Slime:4:  layout_caves, cheibrodos_slime_lost_civilization_7
Slime:5
Orc:1:    layout_caves, basic_altar, nicolae_orc_rockfall
Orc:2:    st_orc_ogre_mass, layout_caves, serial_shops,
          nicolae_shop_behind_doors, nicolae_volcano_entry_s_turn
Elf:1:    eino_elf_arrival_altar, layout_loops_ring, serial_shops, shop_statue,
          evilmike_minifort
Elf:2:    layout_onion_city, serial_shops, shop,
          gammafunk_ghost_berserking_beasts
Elf:3:    elf_hall, layout_loops_cross, serial_co_window_serial,
          co_window_paths_b, co_window_of_opportunity_a, co_window_corner_a,
          co_window_cross_1, co_window_corner_a, co_window_of_opportunity_c,
          co_window_paths_c, co_window_of_opportunity_c,
          co_window_of_opportunity_b, co_window_of_opportunity_b,
          co_window_4corner_a, glass_columns_b, glass_columns_b, drop_trap
Vaults:1: vaults_mumra_lcd, hangedman_vaults_pinch, vaults_room_corners,
          hangedman_vaults_unwind, hangedman_vaults_maws, v_pattern_5,
          layout_vaults_omnigrid, serial_shops, nicolae_shop_behind_doors
Vaults:2: dpeg_vaults_waves, v_misc_4, nicolae_vaults_sealed_display,
          v_pattern_2, v_alt_pattern_5, v_misc_15, v_misc_4,
          vaults_room_stairs_pillars, layout_vaults_chaotic_city, serial_shops,
          shop
Vaults:3: vaults_room_grunt_arrival_ludios, v_rooms_4,
          vaults_room_mumra_shop_pool, v_misc_11,
          nicolae_vaults_network_periphery, dpeg_vaults_monster_row,
          vaults_room_fours, minmay_crypt_entry_skeletal_spiral,
          vaults_mumra_chevron, layout_vaults_omnibox
Vaults:4: ebering_vaults_ghost_reflecting_pool, vaults_mumra_hexcomb,
          vaults_room_stairs_pillars, v_alt_pattern_2, ontoclasm_vaults_idyll,
          vaults_room_corners, ontoclasm_vaults_ligature, v_misc_14,
          nicolae_vaults_angled_halls, ontoclasm_vaults_misaligned,
          layout_vaults_ring, uniq_boris
Vaults:5
Crypt:1:  layout_gridlike, grunt_megastairs_2, grunt_crypt_arrival_webbed
Crypt:2:  layout_gridlike
Crypt:3:  cryptofortress_bobbens
Depths:1: layout_cave_shapes, rand_demon_pan_entry_5, kennysheep_crisscross,
          hell_entry, hangedman_glass_teeth, roderic_roman_lattice,
          chequers_serial_rivers_small_b, kennysheep_small_square,
          firewood_loft, serial_bayou_shore_b, serial_bayou_shore_a
Depths:2: hangedman_six_sided_sadism, layout_basic, hell_entry,
          lemuel_statue_altar, gammafunk_ghost_grave, glass_columns_c,
          hangedman_abyss_or_decor_stabs, hangedman_blasphemy, uniq_enchantress
Depths:3: minmay_the_grid_triangle_9x9_rhombus_thin_mashed
          [minmay_the_grid_triangle_9x9_swiss_cheese,
          minmay_the_grid_triangle_9x9_prize_insulated,
          minmay_the_grid_triangle_9x9_skeleton,
          minmay_the_grid_triangle_9x9_descending_squares], layout_honeycomb,
          rand_demon_pan_entry_8, infiniplex_staircase_spiral,
          grunt_hell_entry_dis_mu, serial_bayou_crossing
Depths:4: minmay_octagon_keep, layout_basic, enter_ziggurat_d,
          minmay_crystal_room, hangedman_tar_grid_catacomb, abyss_entry_crystal,
          serial_rivers, chequers_serial_rivers_micro_d,
          chequers_serial_rivers_marsh, chequers_serial_rivers_micro_e,
          chequers_serial_rivers_small_b, chequers_serial_rivers_micro_a,
          chequers_serial_rivers_micro_d
Depths:5: evilmike_zot_entry_gauntlet, layout_basic,
          grunt_hell_entry_demonic_statue, bh_walls_and_bars,
          grunt_pan_entry_spiral
Hell
Zot:1:    kennysheep_spiral_hall, layout_basic, st_stairs_12, zot_minivault_4
Zot:2:    gammafunk_its_a_trap, layout_cathedral_of_symmetry,
          hangedman_zot_wheel_spokes, st_grand_hoard_of_tiamat
Zot:3:    layout_gridville, grunt_megastairs_4
Zot:4:    hangedman_zot_vaults_quadrants, layout_onion
Zot:5:    layout_basic
Abyss:5:  evilmike_abyss_exit_15, minivault_5,
          evilmike_nicolae_abyss_rune_containment_curve,
          hangedman_elemental_corridor

Skill      XL: |  1  2  3  4  5  6  7  8  9 10 11 12 13 14 15 16 17 18 19 20 21 22 23 24 25 26 27 |
---------------+----------------------------------------------------------------------------------+-----
Dodging        | 1 2 3 4 5 6 7 8 9 10 12 | 12.2
Shields        | 4 6 7 8 9 10 11 12 13 14 16 17 19 20 21 22 26 | 26.0
Long Blades    | 3 4 5 7 9 10 11 12 13 14 16 17 18 22 | 22.0
Fighting       | 4 5 6 7 8 9 10 11 12 13 14 15 17 18 19 24 | 24.0
Evocations     | 2 3 5 6 7 9 10 11 12 15 | 15.0
Armour         | 4 5 6 8 9 10 11 13 14 15 16 17 18 19 24 | 24.0
Invocations    | 5 6 7 8 9 10 11 13 14 18 | 18.5
Crossbows      | 5 10 11 12 13 14 15 16 17 18 22 | 22.0

Action                   |  1- 3 |  4- 6 |  7- 9 | 10-12 | 13-15 | 16-18 | 19-21 | 22-24 | 25-27 || total
-------------------------+-------+-------+-------+-------+-------+-------+-------+-------+-------++-------
Melee: Long sword        |   110 |   150 |   482 |       |       |       |       |       |       ||   742
       Great sword       |       |       |    19 |   712 |    18 |    11 |       |       |       ||   760
       Double sword      |       |       |       |   138 |   857 |       |       |       |       ||   995
       Scimitar          |       |       |       |       |    42 |       |       |       |       ||    42
       Triple sword      |       |       |       |       |   134 |  1067 |   723 |  1006 |  3468 ||  6398
 Fire: Hand crossbow     |       |       |       |       |   151 |       |       |       |       ||   151
       Heavy crossbow    |       |       |       |       |   145 |   323 |   540 |   344 |  1003 ||  2355
Throw: Stone             |    89 |    90 |   204 |    82 |       |       |       |       |       ||   465
       Dart              |       |     8 |    16 |    14 |     4 |       |       |       |       ||    42
       Throwing net      |       |       |     2 |     4 |       |       |       |       |       ||     6
       Boomerang         |       |       |       |   145 |    63 |       |       |       |       ||   208
Invok: Heroism           |       |       |       |     7 |     5 |    10 |    11 |    19 |    17 ||    69
       Finesse           |       |       |       |       |     1 |     3 |     5 |     6 |     8 ||    23
       Cleansing Flame   |       |       |       |       |       |       |       |       |    30 ||    30
       Divine Shield     |       |       |       |       |       |       |       |       |    18 ||    18
       Summon Divine War |       |       |       |       |       |       |       |       |     3 ||     3
 Abil: Dig               |     1 |       |    10 |    14 |    14 |    13 |    10 |     2 |    21 ||    85
Evoke: Wand              |       |       |       |     3 |       |     2 |       |       |     5 ||    10
       Box of beasts     |       |       |       |     2 |       |       |     2 |     1 |     7 ||    12
       Sack of spiders   |       |       |       |       |       |       |       |     1 |     2 ||     3
       Lamp of fire      |       |       |       |       |       |       |       |       |     3 ||     3
       Fan of gales      |       |       |       |       |       |       |       |       |     3 ||     3
       Lightning rod     |       |       |       |       |       |       |       |       |     3 ||     3
       Phial of floods   |       |       |       |       |       |       |       |       |     1 ||     1
  Use: Scroll            |     8 |     1 |     6 |     7 |     9 |     7 |     7 |     6 |    34 ||    85
       Potion            |       |       |     2 |       |     2 |     3 |     7 |     2 |    15 ||    31
 Stab: Distracted        |       |       |       |       |       |     1 |       |     1 |     1 ||     3
       Petrifying        |       |       |       |       |       |       |     1 |       |       ||     1
       Petrified         |       |       |       |       |       |       |     1 |       |       ||     1
  Eat: Chunk             |       |     6 |    20 |    20 |    33 |    19 |    36 |    32 |    69 ||   235
       Ration            |       |       |       |     7 |     1 |     7 |     2 |       |    11 ||    28
Armor: Scale mail        |    49 |    43 |       |       |       |       |       |       |       ||    92
       Chain mail        |       |     3 |   209 |    51 |       |       |       |       |       ||   263
       Skin              |       |       |     5 |       |       |       |       |       |    24 ||    29
       Plate armour      |       |       |       |   311 |   370 |   402 |   332 |       |       ||  1415
       Crystal plate arm |       |       |       |       |       |       |   131 |   345 |   389 ||   865
       Gold dragon scale |       |       |       |       |       |       |       |       |   811 ||   811
Dodge: Dodged            |    27 |    46 |   152 |   258 |   262 |   264 |   391 |   275 |  1107 ||  2782
       Deflected         |       |       |     1 |    19 |    16 |    51 |    79 |    38 |    56 ||   260
Block: Shield            |    57 |    82 |    58 |   487 |   518 |       |       |       |       ||  1202
       Buckler           |       |       |    90 |    52 |       |       |       |       |       ||   142
       Large shield      |       |       |       |       |   263 |  1326 |  1308 |  1240 |  4504 ||  8641
       Reflection        |       |       |       |       |       |       |       |       |    50 ||    50
       Rpst.: Long sword |    10 |    18 |    48 |       |       |       |       |       |       ||    76
       Great sword       |       |       |     2 |    68 |       |     1 |       |       |       ||    71
       Double sword      |       |       |       |     5 |    41 |       |       |       |       ||    46
       Scimitar          |       |       |       |       |     2 |       |       |       |       ||     2
       Triple sword      |       |       |       |       |     7 |    47 |    38 |    41 |   166 ||   299

Table legend:
 A = Non-vault XP
 B = Vault XP
 C = Vault XP percentage of total XP
 D = Non-vault monster count
 E = Vault monster count
 F = Vault count percentage of total count
                 A         B        C        D         E       F
            +---------+---------+-------+---------+---------+-------
      Total | 1108179 | 1134766 |  50.6 |    1930 |    1129 |  36.9
            +---------+---------+-------+---------+---------+-------
        D:1 |      27 |      13 |  32.5 |      18 |       7 |  28.0
        D:2 |      77 |       8 |   9.4 |      19 |       3 |  13.6
        D:3 |     258 |     281 |  52.1 |      39 |       3 |   7.1
        D:4 |     506 |      49 |   8.8 |      26 |       5 |  16.1
        D:5 |      74 |       1 |   1.3 |       7 |       1 |  12.5
        D:6 |     906 |     205 |  18.5 |      26 |       9 |  25.7
        D:7 |     696 |    1688 |  70.8 |      17 |       5 |  22.7
        D:8 |    1019 |       0 |   0.0 |      19 |       0 |   0.0
        D:9 |    2821 |    1197 |  29.8 |      39 |       4 |   9.3
       D:10 |    3492 |    2691 |  43.5 |      41 |      15 |  26.8
       D:11 |    6552 |       0 |   0.0 |      32 |       0 |   0.0
       D:12 |    7587 |    3273 |  30.1 |      50 |      13 |  20.6
       D:13 |    5551 |       0 |   0.0 |      22 |       0 |   0.0
       D:14 |   11561 |    3025 |  20.7 |      40 |       5 |  11.1
       D:15 |   13455 |   10126 |  42.9 |      29 |      24 |  45.3
     Lair:1 |    3747 |    1535 |  29.1 |      17 |       7 |  29.2
     Lair:2 |    5277 |       0 |   0.0 |      23 |       0 |   0.0
     Lair:3 |    6048 |    3060 |  33.6 |      26 |      17 |  39.5
     Lair:4 |    7960 |     451 |   5.4 |      22 |       1 |   4.3
     Lair:5 |    7487 |    1304 |  14.8 |      20 |       3 |  13.0
     Lair:6 |    9200 |   14440 |  61.1 |      43 |      25 |  36.8
   Shoals:1 |   10375 |    2739 |  20.9 |      25 |       2 |   7.4
   Shoals:2 |   21436 |       0 |   0.0 |      43 |       0 |   0.0
   Shoals:3 |   21862 |    5881 |  21.2 |      40 |       9 |  18.4
   Shoals:4 |   12316 |   25072 |  67.1 |      24 |      33 |  57.9
    Snake:1 |   10264 |       0 |   0.0 |      26 |       0 |   0.0
    Snake:2 |   37989 |    3912 |   9.3 |      60 |       9 |  13.0
    Snake:3 |   20990 |    1815 |   8.0 |      43 |       3 |   6.5
    Snake:4 |    7906 |   39637 |  83.4 |      15 |      65 |  81.2
    Slime:1 |   12938 |       0 |   0.0 |      30 |       0 |   0.0
    Slime:2 |   19269 |   13225 |  40.7 |      41 |       1 |   2.4
    Slime:3 |   17919 |    1906 |   9.6 |      31 |       1 |   3.1
    Slime:4 |   12794 |    2689 |  17.4 |      32 |       3 |   8.6
    Slime:5 |   15810 |   28736 |  64.5 |      25 |      13 |  34.2
      Orc:1 |    2072 |    1033 |  33.3 |      27 |       2 |   6.9
      Orc:2 |    4933 |   15304 |  75.6 |      38 |      36 |  48.6
      Elf:1 |   24206 |   13153 |  35.2 |      36 |      21 |  36.8
      Elf:2 |   21720 |   35564 |  62.1 |      31 |      38 |  55.1
      Elf:3 |   17765 |   42931 |  70.7 |      26 |      29 |  52.7
   Vaults:1 |   15879 |   12354 |  43.8 |      30 |      25 |  45.5
   Vaults:2 |   17905 |   23643 |  56.9 |      36 |      29 |  44.6
   Vaults:3 |   23869 |   34638 |  59.2 |      42 |      54 |  56.2
   Vaults:4 |   47002 |   95652 |  67.1 |      62 |      69 |  52.7
   Vaults:5 |   20575 |   72416 |  77.9 |      23 |      43 |  65.2
    Crypt:1 |   32011 |    2479 |   7.2 |      43 |       4 |   8.5
    Crypt:2 |   14995 |       0 |   0.0 |      24 |       0 |   0.0
    Crypt:3 |       0 |   65193 | 100.0 |       0 |      87 | 100.0
   Depths:1 |   49257 |    3460 |   6.6 |      52 |       6 |  10.3
   Depths:2 |   22689 |   68191 |  75.0 |      33 |      68 |  67.3
   Depths:3 |   52905 |   19234 |  26.7 |      55 |      15 |  21.4
   Depths:4 |   29633 |   20036 |  40.3 |      33 |      12 |  26.7
   Depths:5 |   25633 |   32657 |  56.0 |      25 |      56 |  69.1
       Hell |   10489 |   31221 |  74.9 |      14 |      50 |  78.1
      Zot:1 |   59634 |   34175 |  36.4 |      34 |      17 |  33.3
      Zot:2 |   55128 |   77846 |  58.5 |      26 |      33 |  55.9
      Zot:3 |   55693 |   21944 |  28.3 |      30 |      13 |  30.2
      Zot:4 |   43671 |   41556 |  48.8 |      21 |      20 |  48.8
      Zot:5 |   88103 |  184346 |  67.7 |      51 |      42 |  45.2
    Abyss:2 |    2560 |       0 |   0.0 |       7 |       0 |   0.0
    Abyss:3 |    7567 |       0 |   0.0 |      18 |       0 |   0.0
    Abyss:5 |   46116 |    2430 |   5.0 |     103 |       6 |   5.5
      IceCv |       0 |   11296 | 100.0 |       0 |      60 | 100.0
    Volcano |       0 |    3055 | 100.0 |       0 |       8 | 100.0
            +---------+---------+-------+---------+---------+-------
